 Dungeon Crawl Stone Soup version 0.29.0-4-gdea44cf6ec (webtiles) character file.

Game seed: 6558157601126853817

2905 qw the Cleaver (level 9, -3/52 HPs)
             Began as a Tengu Warper on Aug 28, 2022.
             Was a Believer of Okawaru.
             Slain by a vampire (10 damage)
             ... on level 8 of the Dungeon.
             The game lasted 00:00:47 (7782 turns).

qw the Cleaver (Tengu Warper)                       Turns: 7782, Time: 00:00:48

Health: -3/52      AC: 13    Str: 21    XL:     9   Next: 78%
Magic:  13/13      EV:  4    Int: 18    God:    Okawaru [**....]
Gold:   117        SH: 18    Dex: 12    Spells: 12/12 levels left

rFire   . . .      SeeInvis .   Y - +1 war axe
rCold   . . .      Faith    .   s - +0 tower shield
rNeg    + . .      Spirit   .   h - +0 plate armour
rPois   .          Reflect  .   (helmet restricted)
rElec   .          Harm     .   (no cloak)
rCorr   .          Rampage  .   (no gloves)
Will    .....                   (boots unavailable)
Stlth   ..........              (no amulet)
HPRegen 0.17/turn               d - ring of positive energy
MPRegen 0.13/turn               a - +6 ring of strength

@: flying quickly and evasively, quick
A: beak, talons 3, nimble flight, iridescent scales 1, large bone plates 1,
clever 1
a: Renounce Religion, Heroism


You were on level 8 of the Dungeon.
You worshipped Okawaru.
Okawaru was pleased with you.
You visited 1 branch of the dungeon, and saw 8 of its levels.

You collected 429 gold pieces.
You spent 312 gold pieces at shops.


Innate Abilities, Weirdness & Mutations

You have a beak for a mouth.
You have claws for feet.
Your magical nature lets you fly swiftly and evasively.
You are partially covered in iridescent scales. (AC +2)
You are partially covered in large bone plates. (SH +4)
Your mind is acute. (Int +4, Str/Dex -1)


   Skills:
 - Level 4.2 Fighting
 - Level 9.0 Axes
 - Level 2.0 Throwing
 - Level 3.7 Armour
 - Level 2.1 Dodging
 + Level 7.4 Shields
 - Level 2.0 Spellcasting
 - Level 2.4 Translocations
 - Level 4.2 Invocations


You had 12 spell levels left.
You didn't know any spells.
Your spell library contained the following spells:

 Spells                   Type           Power      Damage    Failure   Level
 Blink                    Tloc           20%        N/A       100%        2
 Gell's Gravitas          Tloc           10%        N/A       100%        3
 Lesser Beckoning         Tloc           10%        N/A       100%        3
 Teleport Other           Tloc           10%        N/A       100%        3
 Manifold Assault         Tloc           10%        N/A       100%        5

Inventory:

Hand Weapons
 b - a +1 flail of holy wrath
 Y - a +1 war axe (weapon)
Missiles
 e - a javelin (quivered)
 l - 3 boomerangs
Armour
 h - a +0 plate armour (worn)
 s - a +0 tower shield (worn)
Jewellery
 a - a +6 ring of strength (right hand)
 d - a ring of positive energy (left hand)
 m - a ring of fire
 p - a ring of resist corrosion
Scrolls
 f - 2 scrolls of identify
 i - 4 scrolls of teleportation
Potions
 c - 2 potions of haste
 g - a potion of curing
 j - 4 potions of mutation
 k - a potion of resistance
 n - a potion of ambrosia {unknown}
 o - a potion of brilliance {unknown}
 q - a potion of invisibility {unknown}
 u - a potion of might {unknown}

Dungeon Overview and Level Annotations

Branches:
Dungeon (8/15)             Temple (0/1) D:6
   Lair: D:8-11

Altars:
Fedhas
Kikubaaqudgha
Okawaru
Qazlal
Uskayaw
Wu Jian
Xom
Yredelemnul
Zin

Shops:
D:5 *   D:6 *

Annotations:
D:7 3 runed translucent doors, qw's ghost, novice TeWr


Message History

You throw a javelin.
The javelin pierces through the vampire.
The vampire is lightly damaged.
Throw: 2 javelins
Press: ? - help, Q - select action, (/) - cycle Shift-Dir - straight line, f/p - vampire You throw a javelin.
The javelin pierces through the vampire but does no damage.
The vampire is lightly damaged.
The vampire casts a spell.
The vampire flickers and vanishes!
Deactivating autopickup; reactivate with Ctrl-A.
You swing at nothing.
Something hits you but does no damage. Something bites you but does no damage.
You hit something but do no damage. Something hits you.
Something bites you but does no damage.
You barely miss something. Something hits you but does no damage.
Something bites you.
Something draws strength from your injuries!
You barely miss something. You block something's attack. Something bites you!
Something draws strength from your injuries!
Something hits you. Something bites you but does no damage.
You hit something but do no damage. Your kick misses something.
You hear some strange, mumbled words.
Something tries to affect you, but you resist.
You slash something! Your kick misses something. You peck something.
Something hits you. Something completely misses you.
You closely miss something. Your kick misses something. You peck something.
Something hits you. Something bites you but does no damage. Something hits you.
Something bites you.
You miss something. Your kick misses something. You peck something.
Something hits you! Something bites you.
Something draws strength from your injuries!
You miss something. You claw something. Something hits you but does no damage.
Something bites you.
Something draws strength from your injuries!
You hit something. Something hits you but does no damage.
Something bites you but does no damage. Something hits you.
Something bites you!
You die...

#~..~~# #~~.~.# .#
#.~_.~# .. #~~~.~# #
.# #.~.~~# #.# (#
##.#.## ##.## (# #...#
##...####.##
#.######..#....{<.####
#......#....#..@.....#
######.#.#.##..#####.#
#.#.#.##..#
#.......#.#
###.#.##..# #.#.....#
#.####..... ..# #####.
### .#


There were no monsters in sight!

Vanquished Creatures
  Joseph (D:7)
  A troll (D:7)
  Eustachio (D:6)
  Menkaure (D:6)
  A water moccasin (D:7)
  Duvessa (D:4)
  An orc warrior (D:8)
  A black bear (D:3)
  2 ice beasts
  A sky beast (D:6)
  An ogre (D:5)
  A centaur (D:3)
  A phantom (D:4)
  A kobold brigand (D:7)
  A scorpion (D:5)
  A gnoll sergeant (D:5)
  Dowan (D:4)
  2 howler monkeys (D:5)
  5 hounds
  4 jellies
  Jessica (D:2)
  3 iguanas (D:5)
  5 orc wizards
  Robin (D:1)
  8 adders
  15 gnolls
  A shadow imp (D:5)
  2 white imps
  3 ufetubi
  2 dart slugs
  26 orcs
  2 ball pythons
  7 bats
  7 endoplasms
  3 giant cockroaches
  13 goblins
  9 hobgoblins
  10 kobolds
  4 quokkas
  2 frilled lizards
  4 rats
157 creatures vanquished.

Vanquished Creatures (others)
  4 plants (D:7)
4 creatures vanquished.

Grand Total: 161 creatures vanquished

Notes
Turn   | Place    | Note
-------+----------+-------------------------------------------
     0 | D:1      | qw the Tengu Warper began the quest for the Orb.
     0 | D:1      | Reached XP level 1. HP: 12/12 MP: 4/4
     0 | D:1      | 0 ||| qw: Version: 0.1-a-89-g26bdef1
     0 | D:1      | 0 ||| qw: Game counter: 2036
     0 | D:1      | 0 ||| qw: Always use a shield: true
     0 | D:1      | 0 ||| qw: God list: Okawaru
     0 | D:1      | 0 ||| qw: Allow faded altars: false
     0 | D:1      | 0 ||| qw: Do Orc after D:15 true
     0 | D:1      | 0 ||| qw: Do second Lair branch before Depths: true
     0 | D:1      | 0 ||| qw: Lair rune preference: random
     0 | D:1      | 0 ||| qw: Plans: Normal
     0 | D:1      | 0 ||| PLANNING D:1-11
    67 | D:1      | 67 ||| Stepping ~*~*~tactically~*~*~ (stealth).
    68 | D:1      | 68 ||| Stepping ~*~*~tactically~*~*~ (stealth).
    70 | D:1      | 70 ||| Stepping ~*~*~tactically~*~*~ (stealth).
    71 | D:1      | 71 ||| Stepping ~*~*~tactically~*~*~ (stealth).
    72 | D:1      | 72 ||| Stepping ~*~*~tactically~*~*~ (stealth).
    74 | D:1      | 74 ||| Stepping ~*~*~tactically~*~*~ (stealth).
    75 | D:1      | 75 ||| Stepping ~*~*~tactically~*~*~ (stealth).
    76 | D:1      | 76 ||| Stepping ~*~*~tactically~*~*~ (stealth).
   171 | D:1      | Reached skill level 3 in Axes
   171 | D:1      | Reached XP level 2. HP: 17/17 MP: 6/6
   199 | D:1      | Found a faded altar of an unknown god.
   550 | D:1      | 550 ||| Stepping ~*~*~tactically~*~*~ (stealth).
   553 | D:1      | 553 ||| Stepping ~*~*~tactically~*~*~ (stealth).
   557 | D:1      | 557 ||| Stepping ~*~*~tactically~*~*~ (stealth).
   692 | D:1      | 692 ||| SWAPPING to +0 war axe.
   693 | D:1      | 693 ||| DROPPING +0 hand axe.
  1162 | D:1      | 1162 ||| UPGRADING to +0 chain mail.
  1172 | D:1      | 1172 ||| DROPPING +0 leather armour.
  1173 | D:1      | 1173 ||| UPGRADING to ring of positive energy.
  1174 | D:1      | 1174 ||| READING scroll labelled FAMMAO WE KEL.
  1178 | D:1      | 1178 ||| READING scroll labelled NEPNOU ROPSUMP.
  1178 | D:1      | Identified a scroll of acquirement
  1178 | D:1      | 1178 ||| ACQUIRING +6 ring of strength
  1178 | D:1      | Acquired a +6 ring of strength
  1180 | D:1      | 1180 ||| UPGRADING to +6 ring of strength.
  1181 | D:1      | 1181 ||| READING scroll labelled OTYEGI VAOXO.
  1182 | D:1      | 1182 ||| READING scroll labelled ABOVAME GIOTO.
  1183 | D:1      | 1183 ||| DRINKING 2 pink potions.
  1184 | D:1      | 1184 ||| DROPPING scroll of blinking.
  1185 | D:1      | 1185 ||| DROPPING potion of flight.
  1241 | D:2      | Noticed Robin
  1242 | D:2      | 1242 ||| STAIRDANCE
  1254 | D:1      | Reached XP level 3. HP: 12/21 MP: 7/7
  1384 | D:2      | 1384 ||| STAIRDANCE
  1392 | D:1      | Killed Robin
  1393 | D:1      | Reached skill level 4 in Axes
  1479 | D:1      | 1479 ||| DROPPING +0 club.
  1483 | D:2      | 1483 ||| STAIRDANCE
  1494 | D:2      | 1494 ||| STAIRDANCE
  1661 | D:2      | 1661 ||| Stepping ~*~*~tactically~*~*~ (hiding).
  1787 | D:2      | Reached XP level 4. HP: 26/26 MP: 8/8
  2051 | D:2      | 2051 ||| Stepping ~*~*~tactically~*~*~ (stealth).
  2106 | D:2      | Reached skill level 5 in Axes
  2323 | D:2      | Noticed Jessica
  2329 | D:2      | 2329 ||| Stepping ~*~*~tactically~*~*~ (hiding).
  2335 | D:2      | Killed Jessica
  2397 | D:2      | 2397 ||| READING scroll labelled FOMPYL IKAU.
  2398 | D:2      | 2398 ||| READING scroll labelled CYTIRR BOIMA.
  2399 | D:2      | 2399 ||| DRINKING 2 purple potions.
  2433 | D:3      | Gained mutation: Your magical nature lets you fly swiftly
                  | and evasively. [Tengu growth]
  2433 | D:3      | Reached XP level 5. HP: 27/30 MP: 9/9
  2579 | D:3      | 2579 ||| READING scroll of acquirement.
  2579 | D:3      | 2579 ||| ACQUIRING +3 warlock's mirror {reflect}
  2579 | D:3      | Acquired the +3 warlock's mirror {reflect}
  2579 | D:3      | Found the +3 warlock's mirror {reflect}
  2581 | D:3      | 2581 ||| UPGRADING to +0 chain mail of cold resistance.
  2591 | D:3      | 2591 ||| DROPPING +0 chain mail.
  2592 | D:3      | 2592 ||| UPGRADING to +3 warlock's mirror {reflect}.
  2615 | D:3      | 2615 ||| Stepping ~*~*~tactically~*~*~ (stealth).
  2625 | D:3      | 2625 ||| Stepping ~*~*~tactically~*~*~ (stealth).
  2638 | D:3      | 2638 ||| Stepping ~*~*~tactically~*~*~ (stealth).
  2758 | D:3      | Reached skill level 1 in Shields
  2772 | D:3      | Noticed a centaur
  2773 | D:3      | 2773 ||| Stepping ~*~*~tactically~*~*~ (hiding).
  2775 | D:3      | 2775 ||| Stepping ~*~*~tactically~*~*~ (hiding).
  2779 | D:3      | Killed a centaur
  2780 | D:3      | Reached skill level 6 in Axes
  2780 | D:3      | Reached XP level 6. HP: 16/35 MP: 10/10
  2953 | D:3      | 2953 ||| DROPPING +0 mace.
  2968 | D:3      | Noticed a black bear
  2978 | D:3      | Killed a black bear
  2979 | D:3      | Reached skill level 3 in Armour
  3222 | D:3      | 3222 ||| DRINKING 2 emerald potions.
  3223 | D:3      | 3223 ||| DRINKING 4 metallic orange potions.
  3223 | D:3      | Gained mutation: You are partially covered in large bone
                  | plates. (SH +4) [potion of mutation]
  3223 | D:3      | Gained mutation: You are partially covered in iridescent
                  | scales. (AC +2) [potion of mutation]
  3223 | D:3      | Gained mutation: Your mind is acute. (Int +4, Str/Dex -1)
                  | [potion of mutation]
  3224 | D:3      | 3224 ||| READING 3 scrolls of identify.
  3224 | D:3      | 3224 ||| IDENTIFYING yellow potion
  3225 | D:3      | 3225 ||| READING 2 scrolls of identify.
  3225 | D:3      | 3225 ||| IDENTIFYING smoky coppery potion
  3226 | D:3      | 3226 ||| DROPPING potion of attraction.
  3242 | D:4      | Reached skill level 7 in Axes
  3285 | D:4      | 3285 ||| Stepping ~*~*~tactically~*~*~ (stealth).
  3297 | D:4      | 3297 ||| Stepping ~*~*~tactically~*~*~ (stealth).
  3300 | D:4      | 3300 ||| Stepping ~*~*~tactically~*~*~ (stealth).
  3303 | D:4      | 3303 ||| Stepping ~*~*~tactically~*~*~ (stealth).
  3304 | D:4      | 3304 ||| Stepping ~*~*~tactically~*~*~ (stealth).
  3313 | D:4      | 3313 ||| Stepping ~*~*~tactically~*~*~ (stealth).
  3322 | D:4      | Noticed Duvessa
  3322 | D:4      | Noticed Dowan
  3323 | D:4      | 3323 ||| Stepping ~*~*~tactically~*~*~ (hiding).
  3335 | D:4      | Killed Dowan
  3336 | D:4      | Reached XP level 7. HP: 17/40 MP: 11/11
  3340 | D:4      | HP: 9/40 [Duvessa/+0 short sword (2)]
  3341 | D:4      | 3341 ||| READING scroll of teleportation.
  3342 | D:4      | 3342 ||| DRINKING potion of heal wounds.
  3352 | D:4      | Reached skill level 3 in Fighting
  3468 | D:4      | Found an ornate altar of the Wu Jian Council.
  3524 | D:4      | Found an iron altar of Okawaru.
  3527 | D:4      | Became a worshipper of Warmaster Okawaru
  3548 | D:4      | 3548 ||| Stepping ~*~*~tactically~*~*~ (stealth).
  3551 | D:4      | Found an ancient bone altar of Kikubaaqudgha.
  3570 | D:4      | 3570 ||| Stepping ~*~*~tactically~*~*~ (stealth).
  3586 | D:4      | 3586 ||| Stepping ~*~*~tactically~*~*~ (stealth).
  3588 | D:4      | 3588 ||| Stepping ~*~*~tactically~*~*~ (stealth).
  3589 | D:4      | Killed Duvessa
  3590 | D:4      | 3590 ||| FLEEEEING.
  3591 | D:4      | 3591 ||| FLEEEEING.
  3592 | D:4      | 3592 ||| STAIRDANCE
  3661 | D:3      | 3661 ||| UPGRADING to +0 plate armour.
  3671 | D:3      | 3671 ||| DROPPING +0 chain mail of cold resistance.
  3672 | D:3      | 3672 ||| READING 3 scrolls of identify.
  3672 | D:3      | 3672 ||| IDENTIFYING smoky red potion
  3673 | D:3      | 3673 ||| READING 2 scrolls of identify.
  3673 | D:3      | 3673 ||| IDENTIFYING metallic golden potion
  3674 | D:3      | 3674 ||| DROPPING potion of degeneration.
  3677 | D:4      | 3677 ||| STAIRDANCE
  3753 | D:4      | 3753 ||| STAIRDANCE
  3877 | D:4      | Found a stormy altar of Qazlal.
  4021 | D:4      | 4021 ||| READING scroll labelled NUONIG VEBB.
  4032 | D:5      | Entered Level 5 of the Dungeon
  4035 | D:5      | 4035 ||| Stepping ~*~*~tactically~*~*~ (hiding).
  4111 | D:5      | 4111 ||| Stepping ~*~*~tactically~*~*~ (stealth).
  4115 | D:5      | 4115 ||| Stepping ~*~*~tactically~*~*~ (stealth).
  4122 | D:5      | Found Jukofycye's Assorted Antiques.
  4139 | D:5      | 4139 ||| Stepping ~*~*~tactically~*~*~ (stealth).
  4140 | D:5      | 4140 ||| Stepping ~*~*~tactically~*~*~ (hiding).
  4151 | D:5      | 4151 ||| Stepping ~*~*~tactically~*~*~ (hiding).
  4156 | D:5      | Reached * piety under Okawaru
  4157 | D:5      | Reached skill level 8 in Axes
  4157 | D:5      | Reached XP level 8. HP: 47/48 MP: 12/12
  4157 | D:5      | 4157 ||| INVOKING Heroism.
  4176 | D:5      | 4176 ||| DROPPING +0 flail.
  4186 | D:5      | 4186 ||| Stepping ~*~*~tactically~*~*~ (stealth).
  4187 | D:5      | 4187 ||| Stepping ~*~*~tactically~*~*~ (stealth).
  4210 | D:5      | 4210 ||| BUYING cyan potion (30 gold).
  4210 | D:5      | Bought a cyan potion for 30 gold pieces
  4210 | D:5      | 4210 ||| BUYING green potion (30 gold).
  4210 | D:5      | Bought a green potion for 30 gold pieces
  4210 | D:5      | 4210 ||| BUYING scroll labelled TEWNEINITE (34 gold).
  4210 | D:5      | Bought a scroll labelled TEWNEINITE for 34 gold pieces
  4210 | D:5      | 4210 ||| BUYING scroll of teleportation (102 gold).
  4210 | D:5      | Bought a scroll of teleportation for 102 gold pieces
  4210 | D:5      | 4210 ||| SHOPLISTING scroll of teleportation (102 gold,
                  | have 65).
  4749 | D:5      | Reached skill level 9 in Axes
  4770 | D:5      | 4770 ||| Stepping ~*~*~tactically~*~*~ (hiding).
  4782 | D:5      | Reached skill level 1 in Invocations
  4823 | D:5      | 4823 ||| Stepping ~*~*~tactically~*~*~ (stealth).
  4826 | D:5      | 4826 ||| Stepping ~*~*~tactically~*~*~ (stealth).
  4887 | D:5      | 4887 ||| INVOKING Heroism.
  5074 | D:5      | 5074 ||| UPGRADING to +0 tower shield.
  5084 | D:5      | 5084 ||| DROPPING +3 warlock's mirror {reflect}.
  5085 | D:5      | 5085 ||| READING scroll labelled TEWNEINITE.
  5086 | D:5      | 5086 ||| READING scroll labelled VEXEBI HOUH.
  5087 | D:5      | 5087 ||| READING scroll labelled ENAPPA CIPTAMU.
  5134 | D:6      | Noticed Eustachio
  5135 | D:6      | 5135 ||| INVOKING Heroism.
  5142 | D:6      | Killed Eustachio
  5143 | D:6      | Reached skill level 3 in Shields
  5191 | D:6      | Found Zin's Purification Station.
  5244 | D:6      | Found a glowing silver altar of Zin.
  5249 | D:6      | 5249 ||| BUYING potion of curing (90 gold).
  5249 | D:6      | Bought a potion of curing for 90 gold pieces
  5274 | D:6      | 5274 ||| INVOKING Heroism.
  5346 | D:6      | Found a shimmering altar of Xom.
  5365 | D:6      | Reached skill level 3 in Invocations
  5365 | D:6      | Reached XP level 9. HP: 48/52 MP: 13/13
  5393 | D:6      | Found a staircase to the Ecumenical Temple.
  5394 | D:6      | Noticed Menkaure
  5395 | D:6      | 5395 ||| INVOKING Heroism.
  5400 | D:6      | Killed Menkaure
  5474 | D:6      | Reached ** piety under Okawaru
  5550 | D:6      | 5550 ||| Stepping ~*~*~tactically~*~*~ (hiding).
  5629 | D:6      | Found Biederr's Assorted Antiques.
  5632 | D:6      | 5632 ||| SHOPLISTING potion of mutation (208 gold, have
                  | 71).
  5632 | D:6      | 5632 ||| BUYING scroll labelled XAWE DALUITZ (26 gold).
  5632 | D:6      | Bought a scroll labelled XAWE DALUITZ for 26 gold pieces
  5634 | D:6      | Found a hide-covered altar of Uskayaw.
  5636 | D:6      | 5636 ||| INVOKING Heroism.
  5639 | D:6      | 5639 ||| Stepping ~*~*~tactically~*~*~ (stealth).
  5640 | D:6      | 5640 ||| Stepping ~*~*~tactically~*~*~ (stealth).
  5642 | D:6      | 5642 ||| Stepping ~*~*~tactically~*~*~ (stealth).
  5646 | D:6      | 5646 ||| Stepping ~*~*~tactically~*~*~ (stealth).
  5701 | D:6      | 5701 ||| Stepping ~*~*~tactically~*~*~ (stealth).
  5711 | D:6      | 5711 ||| DRINKING 2 potions of curing.
  5711 | D:6      | 5711 ||| (to cure confusion)
  5987 | D:6      | 5987 ||| DROPPING amulet of guardian spirit.
  5988 | D:6      | 5988 ||| READING scroll labelled UMOIRPHUSEN.
  5989 | D:6      | 5989 ||| READING scroll labelled XAWE DALUITZ.
  5990 | D:6      | 5990 ||| READING 2 scrolls of identify.
  5990 | D:6      | 5990 ||| IDENTIFYING clear potion
  5991 | D:6      | 5991 ||| DROPPING potion of lignification.
  6027 | D:7      | Noticed a troll
  6028 | D:7      | 6028 ||| INVOKING Heroism.
  6038 | D:7      | Killed a troll
  6285 | D:7      | 6285 ||| INVOKING Heroism.
  6406 | D:7      | Found a basalt altar of Yredelemnul.
  6544 | D:7      | 6544 ||| Stepping ~*~*~tactically~*~*~ (hiding).
  6664 | D:7      | Noticed Joseph
  6665 | D:7      | 6665 ||| Stepping ~*~*~tactically~*~*~ (hiding).
  6672 | D:7      | 6672 ||| INVOKING Heroism.
  6679 | D:7      | Killed Joseph
  7000 | D:7      | Found a runed translucent gate.
  7002 | D:7      | Found a runed translucent gate.
  7003 | D:7      | Found a runed translucent gate.
  7003 | D:7      | Noticed qw's ghost (novice TeWr)
  7003 | D:7      | Noticed a kobold demonologist
  7294 | D:7      | 7294 ||| READING 5 scrolls of teleportation.
  7484 | D:8      | 7484 ||| Stepping ~*~*~tactically~*~*~ (hiding).
  7486 | D:8      | 7486 ||| Stepping ~*~*~tactically~*~*~ (hiding).
  7492 | D:8      | 7492 ||| INVOKING Heroism.
  7608 | D:8      | 7608 ||| INVOKING Heroism.
  7740 | D:8      | Found a blossoming altar of Fedhas.
  7780 | D:8      | HP: 11/52 [something (5)]
  7782 | D:8      | Slain by a vampire

Levels and vault maps discovered:
D:1:      wheals_arrival_shading, layout_basic, basic_ecumenical_altar,
          minmay_tetromino_t2
D:2:      layout_basic, grunt_ministairs_15, uniq_jessica, uniq_robin
D:3:      layout_rooms
D:4:      nicolae_cairo_tiling_large_dashed, layout_gridville,
          overflow_temple_1_default, lemuel_tele_altar, lemuel_doored_altar,
          nicolae_qazlal_scattered_showers, hangedman_decor_lopped, uniq_duvessa
D:5:      minmay_angry_zag, layout_basic, serial_shops, nicolae_stop_n_shop_2,
          grunt_decor_clamped
D:6:      layout_cave_pods, zin_purify, mainiacjoe_overflow_alcove_4,
          mainiacjoe_overflow_brackets, minmay_temple_entry_tees, serial_shops,
          nicolae_shop_behind_doors, uniq_menkaure, uniq_eustachio
D:7:      layout_loops_corners, lemuel_crystal_altar,
          gammafunk_ghost_nasty_kobolds, uniq_joseph
D:8:      layout_loops_ring, fedhas_altar_2, hangedman_ru_absence,
          enter_bailey_3, uniq_pikel

Skill      XL: |  1  2  3  4  5  6  7  8  9 |
---------------+----------------------------+-----
Axes           | 3 4 5 6 7 8 9 |  9.0
Shields        | 1 2 4 7 |  7.4
Armour         | 3 |  3.7
Fighting       | 3 4 |  4.2
Throwing       | 2 |  2.0
Invocations    | 3 4 |  4.2
Dodging        | |  2.1
Spellcasting   | |  2.0
Translocations | |  2.4

Action                   |  1- 3 |  4- 6 |  7- 9 || total
-------------------------+-------+-------+-------++-------
Melee: Hand axe          |    28 |       |       ||    28
       Kick              |    10 |    21 |    74 ||   105
       Peck              |     8 |    16 |    48 ||    72
       War axe           |    43 |    78 |   243 ||   364
Throw: Boomerang         |     7 |    12 |    19 ||    38
       Javelin           |       |       |    54 ||    54
Invok: Heroism           |       |       |    11 ||    11
  Use: Scroll            |     4 |     5 |    11 ||    20
       Potion            |     1 |     3 |     2 ||     6
Armor: Leather armour    |     8 |       |       ||     8
       Chain mail        |    20 |    35 |     3 ||    58
       Plate armour      |       |       |    91 ||    91
Dodge: Dodged            |    41 |    30 |    46 ||   117
Block: Buckler           |       |    13 |    80 ||    93
       Reflection        |       |     2 |     6 ||     8
       Tower shield      |       |       |   101 ||   101

Table legend:
 A = Non-vault XP
 B = Vault XP
 C = Vault XP percentage of total XP
 D = Non-vault monster count
 E = Vault monster count
 F = Vault count percentage of total count
                 A         B        C        D         E       F
            +---------+---------+-------+---------+---------+-------
      Total |    2681 |    1470 |  35.4 |     130 |      27 |  17.2
            +---------+---------+-------+---------+---------+-------
        D:1 |      27 |      27 |  50.0 |      14 |       8 |  36.4
        D:2 |      62 |      46 |  42.6 |      15 |       6 |  28.6
        D:3 |     315 |       0 |   0.0 |      20 |       0 |   0.0
        D:4 |     273 |     208 |  43.2 |      15 |       2 |  11.8
        D:5 |     651 |     362 |  35.7 |      33 |       8 |  19.5
        D:6 |     512 |     356 |  41.0 |      13 |       2 |  13.3
        D:7 |     620 |     471 |  43.2 |      13 |       1 |   7.1
        D:8 |     221 |       0 |   0.0 |       7 |       0 |   0.0
            +---------+---------+-------+---------+---------+-------
